 Dungeon Crawl Stone Soup version 0.29-a0-1008-g949cc1d0fb (webtiles) character file.

Game seed: 8841439527135410679

782 Asher535 the Chopper (level 7, -1/62 HPs)
             Began as a Hill Orc Fighter on Aug 7, 2022.
             Succumbed to Eustachio's poison
             ... on level 7 of the Dungeon.
             The game lasted 00:10:08 (5686 turns).

Asher535 the Chopper (Hill Orc Fighter)             Turns: 5686, Time: 00:10:09

Health: -1/62      AC: 13    Str: 21    XL:     7   Next: 86%
Magic:  7/7        EV:  6    Int:  8    God:
Gold:   337        SH: 10    Dex: 10    Spells: 6/6 levels left

rFire   . . .      SeeInvis .   a - +0 war axe
rCold   . . .      Faith    .   c - +0 buckler
rNeg    . . .      Spirit   .   u - +0 plate armour
rPois   .          Reflect  +   H - +0 helmet
rElec   .          Harm     .   (no cloak)
rCorr   .          Rampage  .   (no gloves)
Will    .....                   (no boots)
Stlth   ..........              k - amulet of reflection
HPRegen 0.20/turn               (no ring)
MPRegen 0.10/turn               (no ring)

@: lethally poisoned (-1 -> -25)
A: no striking features
a: no special abilities


You were on level 7 of the Dungeon.
You visited 2 branches of the dungeon, and saw 8 of its levels.

You collected 337 gold pieces.

Inventory:

Hand Weapons
 a - a +0 war axe (weapon)
 E - a +0 short sword
 I - a +0 battleaxe
Armour
 b - a +0 scale mail
 c - a +0 buckler (worn)
 i - a +0 scale mail
 t - a +0 chain mail
 u - a +0 plate armour (worn)
 x - the +1 chain mail "Xuomekex" {rPois rF++ Str-4 Dex+2}
   (You found it on level 2 of the Dungeon)

   Str:       It affects your strength (-4).
   Dex:       It affects your dexterity (+2).
   rF:        It greatly protects you from fire.
   rPois:     It protects you from poison.
 F - the +1 ring mail of Ihow {Dex+3}
   (You found it on level 4 of the Dungeon)

   Dex:       It affects your dexterity (+3).
 H - a +0 helmet (worn)
Magical Staves
 y - a staff of earth
Jewellery
 k - an amulet of reflection (around neck)
Scrolls
 g - 2 scrolls of immolation
 h - a scroll of fog {unknown}
 j - 2 scrolls of noise {unknown}
 m - a scroll of vulnerability {unknown}
 n - 2 scrolls of amnesia
 o - a scroll of torment {unknown}
 p - a scroll of silence {unknown}
 q - 2 scrolls of blinking {unknown}
 s - a scroll of magic mapping {unknown}
 w - a scroll of summoning {unknown}
 A - a scroll of enchant weapon {unknown}
 B - 2 scrolls of teleportation {unknown}
 C - 2 scrolls of poison {unknown}
Potions
 d - a potion of might
 e - 2 potions of attraction
 f - 3 potions of curing
 l - 3 potions of brilliance
 r - a potion of berserk rage {unknown}
 v - a potion of haste {unknown}
 z - 3 potions of degeneration {unknown}
 D - a potion of flight {unknown}
 G - 3 potions of heal wounds {unknown}


   Skills:
 + Level 5.9 Fighting
 * Level 7.3 Axes
 + Level 5.3 Armour
 + Level 5.3 Shields


You had 6 spell levels left.
You didn't know any spells.
Your spell library contained the following spells:

 Spells                   Type           Power      Damage    Failure   Level
 Apportation              Tloc           0%         N/A       100%        1
 Magic Dart               Conj           0%         1d3       100%        1
 Shock                    Conj/Air       0%         1d3       100%        1
 Searing Ray              Conj           0%         2d4       100%        2
 Frozen Ramparts          Ice            0%         1d1       100%        3
 Portal Projectile        Hex/Tloc       0%         N/A       100%        3
 Swiftness                Air            0%         N/A       100%        3
 Tukima's Dance           Hex            0%         N/A       100%        3
 Airstrike                Air            0%         2d(0-16)  100%        4
 Fulminant Prism          Conj/Hex       0%         3d6       100%        4
 Ice Form                 Ice/Tmut       0%         N/A       100%        4
 Summon Ice Beast         Ice/Summ       0%         N/A       100%        4
 Alistair's Intoxication  Tmut/Pois      0%         N/A       100%        5
 Blade Hands              Tmut           0%         N/A       100%        5


Dungeon Overview and Level Annotations

Branches:
Dungeon (7/15)             Temple (1/1) D:4

Altars:
Ashenzari
Dithmenos
Elyvilon
Fedhas
Hepliaklqana
Kikubaaqudgha
Okawaru
Vehumet
Wu Jian
Xom
Yredelemnul

Shops:
D:4 [   D:5 [

Annotations:
D:7 Eustachio


Message History

You climb upwards.
Level annotation: Eustachio Eustachio hits you but does no damage.
You are poisoned.
There is a stone staircase leading down here.
You barely miss Eustachio.
You feel very sick.
Eustachio hits you with a +6 rapier of venom.
You are more poisoned.
Eustachio hits you with a +6 rapier of venom.
You are more poisoned.
You barely miss Eustachio.
You feel very sick.
Eustachio casts a spell.
You closely miss Eustachio.
You feel very sick.
Eustachio casts a spell.
Eustachio blinks!
You closely miss Eustachio. You barely miss the river rat.
You feel very sick. Eustachio hits you but does no damage.
You are more poisoned.
You block the river rat's attack.
You closely miss Eustachio. You barely miss the river rat.
You feel very sick.
Eustachio hits you with a +6 rapier of venom!
You are lethally poisoned!
The river rat bites you.
You miss Eustachio. You hit the river rat.
* * * LOW HITPOINT WARNING * * *
You feel extremely sick. Eustachio hits you but does no damage.
You are more poisoned.
You block the river rat's attack.
* * * LOW HITPOINT WARNING * * *
You feel extremely sick. Eustachio barely misses you.
You block the river rat's attack.
You climb downwards.
The river rat disappears in a puff of smoke!
You die...

.... . ....
.. ....
...#######...
..........>#
...........#
...........#
.......@@..#
...........#
...........#
...........#
...........#
...........#
...........#
...........#


You could see Eustachio.

Vanquished Creatures
  A water moccasin (D:5)
  A black bear (D:4)
  A phantom (D:5)
  2 necrophages
  A scorpion (D:5)
  An orc priest (D:5)
  An iguana (D:5)
  2 orc wizards
  Terence (D:3)
  3 gnolls
  8 adders
  An ufetubus (D:4)
  2 worms
  A dart slug (D:3)
  12 orcs
  5 endoplasms
  3 giant cockroaches
  3 goblins
  6 hobgoblins
  10 jackals
  6 quokkas
  5 ball pythons
  9 bats
  5 frilled lizards
  4 kobolds
  4 rats
98 creatures vanquished.

Vanquished Creatures (others)
  43 plants
  6 withered plants (D:4)
49 creatures vanquished.

Grand Total: 147 creatures vanquished

Notes
Turn   | Place    | Note
-------+----------+-------------------------------------------
     0 | D:1      | Asher535 the Hill Orc Fighter began the quest for the Orb.
     0 | D:1      | Reached XP level 1. HP: 19/19 MP: 1/1
   151 | D:1      | Reached skill level 3 in Axes
   151 | D:1      | Reached XP level 2. HP: 27/27 MP: 2/2
   380 | D:1      | Found a faded altar of an unknown god.
   405 | D:1      | Reached XP level 3. HP: 30/33 MP: 3/3
  1194 | D:2      | Reached XP level 4. HP: 35/40 MP: 4/4
  1274 | D:2      | Identified the +1 chain mail "Xuomekex" {rPois rF++ Str-4
                  | Dex+2}
  1485 | D:2      | Reached skill level 4 in Axes
  1608 | D:3      | Found an iron altar of Okawaru.
  1877 | D:3      | Reached XP level 5. HP: 46/47 MP: 5/5
  1975 | D:3      | Noticed Terence
  1995 | D:3      | Killed Terence
  2780 | D:4      | Noticed a black bear
  2791 | D:4      | Killed a black bear
  2792 | D:4      | Reached skill level 5 in Axes
  2792 | D:4      | Reached XP level 6. HP: 47/55 MP: 6/6
  2843 | D:4      | Found Norumn's Armour Shoppe.
  2866 | D:4      | Reached skill level 5 in Fighting
  3150 | D:4      | Identified the +1 ring mail of Ihow {Dex+3}
  3459 | D:4      | Found a blossoming altar of Fedhas.
  3460 | D:4      | Found an ancient bone altar of Kikubaaqudgha.
  3563 | D:4      | Found a staircase to the Ecumenical Temple.
  3638 | Temple   | Entered the Ecumenical Temple
  3878 | D:5      | Entered Level 5 of the Dungeon
  3978 | D:5      | Reached skill level 6 in Axes
  3978 | D:5      | Reached XP level 7. HP: 54/61 MP: 7/7
  4219 | D:5      | Reached skill level 5 in Shields
  4263 | D:5      | Reached skill level 5 in Armour
  4513 | D:5      | Found Unulevur's Antique Armour Emporium.
  4576 | D:5      | Reached skill level 7 in Axes
  4968 | D:6      | Noticed Eustachio
  5006 | D:6      | HP: 3/62 [poisoned by Eustachio]
  5686 | D:7      | Succumbed to Eustachio's poison

Illustrated notes

Levels and vault maps discovered:
D:1:      dpeg_arrival_court, layout_basic, basic_ecumenical_altar,
          minmay_pentomino_p2
D:2:      layout_loops_ring
D:3:      wad_woods_stonehenge, layout_basic, feat_on_display, uniq_terence
D:4:      layout_basic, grunt_temple_overflow_growth_and_decay,
          lemuel_temple_firewalk_b, serial_shops, nicolae_shop_trees,
          lemuel_flame_loot_1
D:5:      layout_loops_corners, serial_shops, nicolae_shop_waterfront,
          hangedman_abyss_or_decor_stagger
D:6:      cheibrodos_quashed, layout_loops_ring, zin_statuary,
          palyth_stone_intersect, chequers_hall_statues_y, uniq_sigmund,
          uniq_eustachio
D:7:      minmay_chambers_of_fours, layout_gridville, minitemple
Temple:   hellmonk_temple_two_chambers

Skill      XL: |  1  2  3  4  5  6  7 |
---------------+----------------------+-----
Axes           | 3 4 5 6 7 |  7.3
Fighting       | 4 5 |  5.9
Shields        | 4 5 |  5.3
Armour         | 4 5 |  5.3

Action                   |  1- 3 |  4- 6 |  7- 9 || total
-------------------------+-------+-------+-------++-------
Melee: War axe           |   108 |   147 |   107 ||   362
  Use: Scroll            |       |     4 |     1 ||     5
       Potion            |       |       |     2 ||     2
Armor: Scale mail        |    39 |       |       ||    39
       Plate armour      |    21 |   110 |    54 ||   185
Dodge: Dodged            |    36 |    62 |    33 ||   131
Block: Buckler           |    56 |    90 |    51 ||   197
       Reflection        |       |     2 |       ||     2

Table legend: (Time is in decaauts)
 A = Elapsed time spent in this place.
 B = Non-inter-level travel time spent in this place.
 C = Inter-level travel time spent in this place.
 D = Time resting spent in this place.
 E = Time spent auto-exploring this place.
 F = Levels seen in this place.
 G = Mean time per level.
                   A        B        C        D        E       F      G
               +--------+--------+--------+--------+--------+-----+--------+
         Total |   5792 |   5607 |    185 |    997 |   3590 |   8 |  724.0 |
       Dungeon |   5720 |   5535 |    185 |    997 |   3579 |   7 |  817.1 |
        Temple |     72 |     72 |      0 |      0 |     11 |   1 |   72.0 |
               +--------+--------+--------+--------+--------+-----+--------+

Top non-repeatable levels by time:
     D:4: 1266 daAuts
     D:5: 1110 daAuts
     D:3: 1064 daAuts
     D:2: 840 daAuts
     D:1: 713 daAuts
     D:7: 658 daAuts
  Temple: 72 daAuts
     D:6: 66 daAuts
